 Dungeon Crawl Stone Soup version 0.31-a0-152-g6aa68a64a1 (webtiles) character file.

Game seed: 912676445939190726

9 qw the Shooter (level 2, 0/26 HPs)
             Began as a Naga Hunter on June 10, 2023.
             Splashed by a jelly's acid (7 damage)
             ... on level 2 of the Dungeon.
             The game lasted 00:00:08 (860 turns).

qw the Shooter (Naga Hunter)                         Turns: 860, Time: 00:00:09

Health: 0/26       AC: -1    Str: 13    XL:     2   Next: 12%
Magic:  2/2        EV:  9    Int:  9    God:
Gold:   19         SH:  0    Dex: 14    Spells: 1/1 levels left

rFire   . . .        Y - +0 shortbow
rCold   . . .        (shield currently unavailable)
rNeg    . . .        c - +0 leather armour
rPois   +            (no helmet)
rElec   .            (no cloak)
rCorr   .            (no gloves)
SInv    +            (no barding)
Will    .....        (no amulet)
Stlth   ++           (no ring)
HPRegen 0.24/turn    (no ring)
MPRegen 0.08/turn

%: no passive effects
@: corroded, very slow
A: AC +0, large, see invisible, deformed body, poison resistance, slowness 2,
spit poison 1, naga tail 1
a: Spit Poison


You were on level 2 of the Dungeon.
You visited 1 branch of the dungeon, and saw 2 of its levels.

You collected 19 gold pieces.


Innate Abilities, Weirdness & Mutations

Your serpentine skin is tough. (AC +0)
You have supernaturally acute eyesight. (SInv)
Armour fits poorly on your strangely shaped body.
Your system is resistant to poisons. (rPois)
You cover ground very slowly.
You can spit poison.
You have a snake-like lower body.


   Skills:
 - Level 2.0 Fighting
 + Level 4.1 Ranged Weapons
 - Level 1.5 Dodging
 - Level 1.5 Stealth


You had one spell level left.
You didn't know any spells.
Your spell library was empty.

Inventory:

Hand Weapons
 Y - a +0 shortbow (weapon)
Armour
 c - a +0 leather armour (worn)
Scrolls
 a - a scroll of poison {unknown}
Potions
 d - a potion of attraction {unknown}

Dungeon Overview and Level Annotations

Branches:
Dungeon (2/15)

Altars:


Message History

Really abort (and waste the scroll)?
Done exploring.
812 ||| DROPPING scroll of butterflies.
You drop a scroll of butterflies.
Done exploring.
(D) Dungeon
Where to? (* - list waypoints, ? - help)
What level of the Dungeon? (default 1, ? - help)
There is a stone staircase leading down here.
You climb downwards.
There is a stone staircase leading up here.
Waypoint 1 assigned to D:2.
Found a hand axe.
Found an escape hatch in the floor.
a - a scroll labelled CETWIR EXAOSCH A jelly comes into view.
You shoot an arrow. The arrow hits the jelly.
The jelly quivers.
The jelly is lightly wounded.
You shoot an arrow. The arrow hits the jelly!
The jelly is heavily wounded.
You shoot an arrow.
The arrow hits the jelly but does no damage.
The jelly is heavily wounded.
You shoot an arrow.
The arrow hits the jelly but does no damage.
The jelly is heavily wounded.
You shoot an arrow. The arrow hits the jelly.
The jelly is heavily wounded.
You shoot an arrow. The arrow barely misses the jelly.
The jelly hits you. The acid corrodes you!
You are splashed with acid!
You shoot an arrow. The arrow hits the jelly.
The jelly is severely wounded.
The jelly hits you.
You are splashed with acid.
You shoot an arrow. The arrow hits the jelly.
The jelly is almost dead.
The jelly closely misses you.
You shoot an arrow.
The arrow hits the jelly but does no damage.
The jelly is almost dead.
The jelly hits you.
You are splashed with acid!
You die...

#.# # ######.#
#.#....>.#
#.#......#
#.)......##########
.
###..#.............
...
#..##.###########
.....###..##....
......J@......##
#.#.#####.....#
......# #.....#
#.....# .....#
.##### ..


You could see a jelly.

Vanquished Creatures
  A ball python (D:1)
  2 hobgoblins (D:1)
  A bat (D:1)
  A frilled lizard (D:1)
  2 kobolds (D:1)
  3 rats (D:1)
10 creatures vanquished.

Notes
Turn   | Place    | Note
-------+----------+-------------------------------------------
     0 | D:1      | qw the Naga Hunter began the quest for the Orb.
     0 | D:1      | Reached XP level 1. HP: 19/19 MP: 1/1
     0 | D:1      | 0 ||| qw: Version: 0.2-a-122-gbc61b45
     0 | D:1      | 0 ||| qw: Game counter: 3588
     0 | D:1      | 0 ||| qw: Always use a shield: true
     0 | D:1      | 0 ||| qw: God list: Okawaru
     0 | D:1      | 0 ||| qw: Allow faded altars: false
     0 | D:1      | 0 ||| qw: Do Orc after D:15 true
     0 | D:1      | 0 ||| qw: Do second Lair branch before Depths: true
     0 | D:1      | 0 ||| qw: Lair rune preference: random
     0 | D:1      | 0 ||| qw: Plans: Normal
     0 | D:1      | 0 ||| PLANNING D:1-11
    89 | D:1      | 89 ||| INVOKING Spit Poison.
   205 | D:1      | 205 ||| INVOKING Spit Poison.
   257 | D:1      | 257 ||| INVOKING Spit Poison.
   453 | D:1      | Reached skill level 4 in Ranged Weapons
   453 | D:1      | Reached XP level 2. HP: 26/26 MP: 2/2
   456 | D:1      | 456 ||| INVOKING Spit Poison.
   475 | D:1      | 475 ||| INVOKING Spit Poison.
   811 | D:1      | 811 ||| READING scroll labelled TAOGAZ ELODO.
   812 | D:1      | 812 ||| DROPPING scroll of butterflies.
   860 | D:2      | Splashed by a jelly's acid

Levels and vault maps discovered:
D:1:      amcnicky_arrival_flooded_fountain, layout_loops_corners,
          minmay_pentomino_w2
D:2:      minmay_diamond_boxcup, layout_basic, kennysheep_generic_room_4,
          uniq_sigmund

Skill      XL: |  1 |
---------------+----+-----
Ranged Weapons | 4 |  4.1
Fighting       | |  2.0
Dodging        | |  1.5
Stealth        | |  1.5

Action                     || total
---------------------------++-------
   Fire: Shortbow          ||    17
Ability: Spit Poison       ||     5
    Use: Scroll            ||     1
  Dodge: Dodged            ||     1

Table legend:
 A = Non-vault XP
 B = Vault XP
 C = Vault XP percentage of total XP
 D = Non-vault monster count
 E = Vault monster count
 F = Vault count percentage of total count
                 A         B        C        D         E       F
            +---------+---------+-------+---------+---------+-------
      Total |      11 |       2 |  15.4 |       8 |       2 |  20.0
            +---------+---------+-------+---------+---------+-------
        D:1 |      11 |       2 |  15.4 |       8 |       2 |  20.0
            +---------+---------+-------+---------+---------+-------
